 Dungeon Crawl Stone Soup version 0.31-a0-743-g45f7035092 (webtiles) character file.

Game seed: 16384390875289342701

1554 cforsyth the Fighter (level 9, 0/70 HPs)
             Began as a Djinni Chaos Knight on Sept 12, 2023.
             Was a Plaything of Xom.
             Slain by a wyvern (15 damage)
             ... on level 7 of the Dungeon.
             The game lasted 00:10:00 (7212 turns).

cforsyth the Fighter (Djinni Chaos Knight)          Turns: 7212, Time: 00:10:00

Health: 0/70       AC:  5    Str:  9      XL:     9   Next: 12%
Gold:   304        EV: 27    Int: 19 (20) God:    Xom [..*...] SH:  0 Dex: 17

rFire   + + .        a - +1 falchion (chaos)
rCold   x . .        (no shield)
rNeg    . . .        b - +2 leather armour
rPois   ∞            (no helmet)
rElec   .            (no cloak)
rCorr   .            (no gloves)
SInv    .            (boots unavailable)
Will    +....        f - amulet of the acrobat
Stlth   +            g - ring of willpower
HPRegen 0.31/turn    (no ring)
MPRegen 0.00/turn

%: acrobat, clarity, infuse magic (-1 HP)
@: acrobatic, attractive, flying
A: sickness immunity, fire resistance 2, cold vulnerability 1, float, innate
caster, HP casting, extra vitality 1, agile 1, clarity, clever 1
a: Renounce Religion


You were on level 7 of the Dungeon.
You worshipped Xom.
You were a toy of Xom.
You visited 2 branches of the dungeon, and saw 8 of its levels.
You also visited: Sewer.

You collected 304 gold pieces.

Inventory:

Hand Weapons
 a - a +1 falchion of chaos (weapon)
Armour
 b - a +2 leather armour (worn)
Jewellery
 f - an amulet of the acrobat (around neck)
 g - a ring of willpower (left hand)
Wands
 c - a wand of light (6)
Scrolls
 d - a scroll of teleportation
 e - 2 scrolls of poison
 m - a scroll of immolation
 p - a scroll of fog {unknown}
 r - a scroll of blinking {unknown}
Potions
 h - a potion of magic {unknown}
 i - a potion of resistance {unknown}
 j - 5 potions of curing {unknown}
 k - a potion of brilliance {unknown}
 l - 2 potions of haste {unknown}
 n - 3 potions of might
 o - 2 potions of attraction
 q - a potion of enlightenment {unknown}
 s - a potion of cancellation {unknown}
 t - a potion of heal wounds {unknown}
 u - a potion of berserk rage {unknown}
 v - 2 potions of degeneration {unknown}


   Skills:
 + Level 8.2 Fighting
 - Level 2.6 Long Blades
 - Level 1.0 Armour
 - Level 2.1 Dodging
 + Level 5.5 Spellcasting
 + Level 5.5 Conjurations
 + Level 5.5 Hexes
   Level 0.0 Charms
 + Level 5.5 Summonings
 + Level 5.5 Necromancy
 + Level 5.5 Translocations
 + Level 5.5 Transmutations
 + Level 5.5 Fire Magic
 + Level 5.5 Ice Magic
 + Level 5.5 Air Magic
 + Level 5.5 Earth Magic
 + Level 5.5 Poison Magic


You knew the following spells:

 Your Spells              Type           Power      Damage    Failure   Level
a - Sandblast             Erth           52%        2d12      1%          1
b - Searing Ray           Conj           52%        2d6       2%          2
c - Gell's Gravitas       Tloc           26%        N/A       4%          3
d - Sticky Flame          Conj/Fire      26%        2d5       17%         4
Your spell library was empty.

Dungeon Overview and Level Annotations

Branches:
Dungeon (7/15)             Temple (1/1) D:4           Sewer (visited)

Altars:
Ashenzari
Elyvilon
Fedhas
Gozag
Okawaru
Qazlal
Ru
Uskayaw
Wu Jian
Xom
Yredelemnul
Zin
The Shining One


Innate Abilities, Weirdness & Mutations

You are immune to sickness and miasma.
You are immune to poison.
Your flesh is very heat resistant. (rF++)
You are vulnerable to cold. (rC-)
You float through the air rather than walking.
You learn spells naturally, not from books.
Your magical power is your life essence.
You have superior vitality. (+4 MHP)
You are agile. (Dex +4, Str/Int -1)
You possess an exceptional clarity of mind.
Your mind is acute. (Int +4, Str/Dex -1)


Message History

Found 2 stones.
Found a mace.
A wyvern comes into view.
A wyvern is nearby!
A wyvern is nearby!
The wyvern hisses angrily.
Xom smiles on you.
You feel attractive to monsters.
You are now a toy of Xom.
The wyvern is attracted toward you.
You hit the wyvern. You burn the wyvern.
The wyvern is lightly wounded.
The wyvern bites you.
You hit the wyvern. You freeze the wyvern.
The wyvern is moderately wounded.
The wyvern barely misses you. The wyvern bites you!
You closely miss the wyvern.
The wyvern is moderately wounded.
The wyvern bites you! The wyvern bites you.
You closely miss the wyvern.
The wyvern is moderately wounded.
The wyvern bites you! The wyvern closely misses you.
You are too injured to fight recklessly!
You are too injured to fight recklessly!
You are too injured to fight recklessly!
You are too injured to fight recklessly!
You are too injured to fight recklessly!
You are too injured to fight recklessly!
Casting: Searing Ray (safe; 2% risk of failure)
Confirm with . or Enter, or press ? or * to list all spells.
Aiming: Sticky Flame (dangerous; 17% risk of failure)
Press: ? - help, Shift-Dir - straight line, f - wyvern
Aim: a wyvern (moderately wounded)
The sticky flame hits the wyvern.
The wyvern is moderately wounded.
The wyvern is covered in liquid flames!
The wyvern burns!
The wyvern bites you!
* * * LOW HITPOINT WARNING * * *
The wyvern burns!
The wyvern attacks as it pursues you! The wyvern misses you.
The wyvern bites you!
You die...

#.# #.# #.# #.#
#.# #.# #.# #.#
#(# #.# #.# #.#
#.# #l# #.#
##@#######
####.###.........
#.........#######
#..######.# #..##
#)# #...## #.#
#....# #.#
.....#..## #.#
.#.#.#..# #.#


You could see a wyvern (burning).

Vanquished Creatures
  A steam dragon (D:7)
  A black bear (D:5)
  2 ice beasts
  An ogre (D:4)
  3 kobold brigands
  2 bullfrogs (Sewer)
  3 scorpions
  A killer bee (D:6)
  2 hounds (D:5)
  4 iguanas
  An orc wizard (D:3)
  8 gnolls
  8 adders
  A shadow imp (D:5)
  A white imp (D:7)
  A worm (D:4)
  4 dart slugs
  7 orcs
  18 endoplasms
  21 giant cockroaches
  11 hobgoblins
  3 jackals (D:4)
  18 kobolds
  4 quokkas
  15 ball pythons
  2 bats
  10 frilled lizards
  10 goblins
  6 rats
169 creatures vanquished.

Notes
Turn   | Place    | Note
-------+----------+-------------------------------------------
     0 | D:1      | cforsyth the Djinni Chaos Knight began the quest for the
                  | Orb.
     0 | D:1      | Reached XP level 1. HP: 20/20 MP: 0/0
    73 | D:1      | XOM: butterfly on damage
    84 | D:1      | Reached XP level 2. HP: 7/25 MP: 0/0
    91 | D:1      | HP: 1/25 [goblin/+0 club (2)]
   209 | D:1      | XOM: silly message
   404 | D:1      | Reached skill level 1 in Spellcasting
   404 | D:1      | Reached skill level 1 in Conjurations
   404 | D:1      | Reached skill level 1 in Hexes
   404 | D:1      | Reached skill level 1 in Summonings
   404 | D:1      | Reached skill level 1 in Necromancy
   404 | D:1      | Reached skill level 1 in Translocations
   404 | D:1      | Reached skill level 1 in Transmutations
   404 | D:1      | Reached skill level 1 in Fire Magic
   404 | D:1      | Reached skill level 1 in Ice Magic
   404 | D:1      | Reached skill level 1 in Air Magic
   404 | D:1      | Reached skill level 1 in Earth Magic
   404 | D:1      | Reached skill level 1 in Poison Magic
   553 | D:1      | Reached XP level 3. HP: 29/30 MP: 0/0
   553 | D:1      | Learned a level 1 spell: Sandblast
  1065 | D:2      | XOM: noise
  1256 | D:2      | Reached XP level 4. HP: 35/37 MP: 0/0
  1263 | D:2      | Reached skill level 4 in Fighting
  1582 | D:3      | XOM: 9-stop teleportation journey
  1650 | D:3      | Reached XP level 5. HP: 28/41 MP: 0/0
  1650 | D:3      | Learned a level 2 spell: Searing Ray
  1992 | D:3      | Reached XP level 6. HP: 31/49 MP: 0/0
  2155 | D:3      | XOM: 4-stop teleportation journey
  2374 | D:3      | Found an iron altar of Okawaru.
  2377 | D:3      | Found a glowing silver altar of Zin.
  2488 | D:3      | XOM: scenery: create altars
  2637 | D:4      | Reached skill level 5 in Fighting
  2769 | D:4      | XOM: give mutation
  2769 | D:4      | Gained mutation: Your mind is acute. (Int +4, Str/Dex -1)
                  | [Xom's grace]
  2772 | D:4      | XOM: polymorph orc -> giant cockroach
  2938 | D:4      | Reached XP level 7. HP: 23/54 MP: 0/0
  2938 | D:4      | Learned a level 3 spell: Gell's Gravitas
  3156 | D:4      | XOM: divination: detect creatures
  3270 | D:4      | XOM: 6-stop teleportation journey
  3340 | D:4      | XOM: confuse monster(s)
  3631 | D:4      | Found a staircase to the Ecumenical Temple.
  3824 | D:5      | Entered Level 5 of the Dungeon
  3862 | D:5      | Reached skill level 6 in Fighting
  3987 | D:5      | XOM: god gift: black potion {god gift}
  4022 | D:5      | Found a glowing drain.
  4043 | Sewer    | Entered a sewer
  4362 | Sewer    | XOM: polymorph giant cockroach -> bat
  4425 | Sewer    | XOM: blink monster(s)
  4433 | Sewer    | Reached XP level 8. HP: 15/62 MP: 0/0
  5106 | D:5      | XOM: smoke on damage
  5108 | D:5      | XOM: smoke on damage
  5109 | D:5      | HP: 2/62 [ice beast (18)]
  5299 | D:4      | XOM: stat loss: -1 Str (9/10)
  5305 | Temple   | Entered the Ecumenical Temple
  5320 | D:5      | XOM: butterfly on damage
  5322 | D:5      | Reached skill level 7 in Fighting
  5382 | D:5      | XOM: noise
  5814 | D:6      | XOM: 1-stop teleportation journey
  6004 | D:6      | Reached skill level 5 in Spellcasting
  6004 | D:6      | Reached skill level 5 in Conjurations
  6004 | D:6      | Reached skill level 5 in Hexes
  6004 | D:6      | Reached skill level 5 in Summonings
  6004 | D:6      | Reached skill level 5 in Necromancy
  6004 | D:6      | Reached skill level 5 in Translocations
  6004 | D:6      | Reached skill level 5 in Transmutations
  6004 | D:6      | Reached skill level 5 in Fire Magic
  6004 | D:6      | Reached skill level 5 in Ice Magic
  6004 | D:6      | Reached skill level 5 in Air Magic
  6004 | D:6      | Reached skill level 5 in Earth Magic
  6004 | D:6      | Reached skill level 5 in Poison Magic
  6911 | D:6      | XOM: god gift: 9 stones
  6924 | D:6      | XOM: give mutations
  6924 | D:6      | Gained mutation: You are agile. (Dex +4, Str/Int -1) [Xom's
                  | grace]
  6924 | D:6      | Gained mutation: You possess an exceptional clarity of
                  | mind. [Xom's grace]
  7010 | D:7      | Reached skill level 8 in Fighting
  7010 | D:7      | Reached XP level 9. HP: 22/70 MP: 0/0
  7010 | D:7      | Learned a level 4 spell: Sticky Flame
  7092 | D:6      | XOM: stat loss: -1 Int (19/20)
  7206 | D:7      | XOM: potion effect (attraction)
  7212 | D:7      | Slain by a wyvern

Illustrated notes

Levels and vault maps discovered:
D:1:      ncdulo_wetmaze, layout_rooms, kennysheep_minor_cross
D:2:      layout_basic
D:3:      layout_basic, minitemple, serial_curves, eino_curves_02,
          eino_curves_03
D:4:      layout_layer_cave, minmay_temple_entry_from_below_a
D:5:      layout_loops_cross, portal_sewer_entry_f
D:6:      layout_loops_ring
D:7:      layout_loops_ring, serial_glass, glass_columns_c, glass_columns_a,
          glass_columns_a, glass_columns_a, glass_columns_a, glass_columns_c,
          grunt_ministairs_1, nicolae_shop_gadgets
Temple:   hellmonk_temple_two_chambers

Skill      XL: |  1  2  3  4  5  6  7  8 |
---------------+-------------------------+-----
Spellcasting   | 1 2 3 4 5 |  5.5
Conjurations   | 1 2 3 4 5 |  5.5
Hexes          | 1 2 3 4 5 |  5.5
Summonings     | 1 2 3 4 5 |  5.5
Necromancy     | 1 2 3 4 5 |  5.5
Translocations | 1 2 3 4 5 |  5.5
Transmutations | 1 2 3 4 5 |  5.5
Fire Magic     | 1 2 3 4 5 |  5.5
Ice Magic      | 1 2 3 4 5 |  5.5
Air Magic      | 1 2 3 4 5 |  5.5
Earth Magic    | 1 2 3 4 5 |  5.5
Poison Magic   | 1 2 3 4 5 |  5.5
Fighting       | 4 5 6 8 |  8.2
Long Blades    | |  2.6
Armour         | |  1.0
Dodging        | |  2.1

Action                     |  1- 3 |  4- 6 |  7- 9 || total
---------------------------+-------+-------+-------++-------
  Melee: Falchion          |    60 |     4 |   235 ||   299
         Punch             |     1 |       |     3 ||     4
   Cast: Sandblast         |    27 |    70 |    46 ||   143
         Searing Ray       |       |    12 |    11 ||    23
         Sticky Flame      |       |       |     1 ||     1
    Use: Scroll            |       |       |    11 ||    11
 Armour: Leather armour    |    47 |    27 |   220 ||   294
  Dodge: Dodged            |    44 |    43 |   222 ||   309

Table legend: (Time is in decaauts)
 A = Elapsed time spent in this place.
 B = Non-inter-level travel time spent in this place.
 C = Inter-level travel time spent in this place.
 D = Time resting spent in this place.
 E = Time spent auto-exploring this place.
 F = Levels seen in this place.
 G = Mean time per level.
                   A        B        C        D        E       F      G
               +--------+--------+--------+--------+--------+-----+--------+
         Total |   7334 |   7183 |    151 |    370 |   5361 |   9 |  814.9 |
       Dungeon |   6633 |   6482 |    151 |    370 |   4877 |   7 |  947.6 |
        Temple |      1 |      1 |      0 |      0 |      0 |   1 |    1.0 |
         Sewer |    699 |    699 |      0 |      0 |    484 |   1 |  699.0 |
               +--------+--------+--------+--------+--------+-----+--------+

Top non-repeatable levels by time:
     D:4: 1364 daAuts
     D:6: 1342 daAuts
     D:5: 1131 daAuts
     D:3: 1052 daAuts
     D:1: 847 daAuts
     D:2: 745 daAuts
   Sewer: 699 daAuts
     D:7: 151 daAuts
  Temple: 1 daAuts
